 Dungeon Sprint DCSS version 0.17-a0-2024-gc284f19 (webtiles) character file.

1976 Ordine the Basher (level 9, -2/63 HPs)
             Began as a Gargoyle Fighter on Oct 9, 2015.
             Was the Champion of Cheibriados.
             Blown up by Zawkeq the pandemonium lord (35 damage)
             ... with a wavering orb of destruction
             ... in the Dungeon (Sprint V: "Ziggurat Sprint").
             The game lasted 00:20:56 (476 turns).

Ordine the Basher (Gargoyle Fighter)                 Turns: 476, Time: 00:20:56

Health: -2/63      AC: 27    Str: 39    XL:     9   Next: 20%
Magic:  9/9        EV: 15    Int: 25    God:    Cheibriados [******]
Gold:   0          SH: 31    Dex: 32    Spells: 0 memorised, 8 levels left

rFire  + . .     SeeInvis +     m - +5 demon whip
rCold  + . .     Clarity  .     G - +15 Maxwell's patent armour {-Cast -Tele rElec MR+ rCorr}
rNeg   + + +     SustAt   .     H - +18 shield of the gong {rElec rN+ MR+ EV-5}
rPois  ∞         Gourm    +     (no helmet)
rElec  +         Spirit   .     (no cloak)
rCorr  +         Warding  .     (no gloves)
rMut   .         NoTele   +     (no boots)
MR     +++..     NoCast   +     a - amulet of the gourmand
Stlth  ..........               c - ring of protection from magic
                                F - ring of Shadows {Umbra +Inv rN+ SInv}

@: mighty, agile, resistant, corroded equipment, wreathed by umbra, very slow,
extremely resistant to hostile enchantments, extremely unstealthy
A: negative energy resistance 1, electricity resistance, unbreathing,
petrification resistance, rot immunity, AC +5
a: Bend Time, Temporal Distortion, Slouch, Step From Time, Renounce Religion,
Evoke Invisibility


You were in the Dungeon.
You worshipped Cheibriados.
Cheibriados was exalted by your worship.
You were not hungry.

You visited 1 branch

Inventory:

Hand Weapons
 m - a +5 demon whip (weapon)
Armour
 G - the +15 Maxwell's patent armour (worn) {-Cast -Tele rElec MR+ rCorr}
   (You found it in the Dungeon)

   It insulates you from electricity.
   It affects your resistance to hostile enchantments.
   It prevents spellcasting.
   It prevents most forms of teleportation.
   It protects you from acid and corrosion.
 H - the +18 shield of the gong (worn) {rElec rN+ MR+ EV-5}
   (You found it in the Dungeon)

   It affects your evasion (-5).
   It insulates you from electricity.
   It protects you from negative energy.
   It affects your resistance to hostile enchantments.
Jewellery
 a - an amulet of the gourmand (around neck)
 c - a ring of protection from magic (right hand)
 F - the ring of Shadows (left hand) {Umbra +Inv rN+ SInv}
   (You found it in the Dungeon)

   [ring of invisibility]

   It protects you from negative energy.
   It lets you see invisible.
   It lets you turn invisible.
Wands
 y - a wand of disintegration (7)
 A - a wand of fire (5)
 C - a wand of cold (5)
 D - a wand of draining (5)
Scrolls
 k - 4 scrolls of blinking
 l - 4 scrolls of enchant armour
 p - 4 scrolls of amnesia
 q - 3 scrolls of recharging
 r - 7 scrolls of fog
 s - a scroll of holy word
 t - 5 scrolls of identify
 u - 5 scrolls of remove curse
 v - 2 scrolls of fear
Potions
 d - 5 potions of might
 f - 10 potions of curing
 g - 4 potions of heal wounds
 i - 7 potions of magic
 w - 2 potions of brilliance
 x - 2 potions of invisibility
 z - 3 potions of resistance
 B - 4 potions of agility
Books
 h - a book of the Earth

   Spells                             Type                      Level
   a - Leda's Liquefaction            Hexes/Earth                  4
   b - Bolt of Magma                  Conjuration/Fire/Earth       5
   c - Statue Form                    Transmutation/Earth          6
   d - Iron Shot                      Conjuration/Earth            6
   e - Shatter                        Earth                        9
 j - a book of Enchantments

   Spells                             Type                      Level
   a - Cause Fear                     Hexes                        4
   b - Silence                        Hexes/Air                    5
   c - Deflect Missiles               Charms/Air                   6
   d - Haste                          Charms                       6
   e - Discord                        Hexes                        8
Comestibles
 e - 5 bread rations
 n - 42 fruits
 o - 4 meat rations


   Skills:
 + Level 10.6 Fighting
 - Level 12.2 Maces & Flails
 - Level 10.8 Armour
 * Level 8.0 Dodging
 - Level 3.2 Shields


You had 8 spell levels left.
You didn't know any spells.

Dungeon Overview and Level Annotations

Branches:
Dungeon (1/1)

Altars:
Ashenzari
Cheibriados
Dithmenos
Elyvilon
Fedhas
Gozag
Kikubaaqudgha
Makhleb
Nemelex Xobeh
Okawaru
Qazlal
Ru
Sif Muna
Trog
Vehumet
Xom
Yredelemnul
Zin
The Shining One
Beogh
Jiyva
Lugonu


Innate Abilities, Weirdness & Mutations

You are resistant to torment.
Your stone body is resilient (AC +5).
You are immune to poison.
You resist negative energy.
You are resistant to electric shocks.
You can survive without breathing.
You are immune to petrification.
You are immune to rotting.


Message History

Zawkeq is severely wounded.
You block the orange demon's attack.
GONNNNG!
The tarantella misses you.
The white imp shouts, "Scamper away, thou euchred flat-headed barnacle!"
Unknown command.
You whack Zawkeq!
Zawkeq is severely wounded.
You block the demonic crawler's attack.
GONNNNG!
The demonic crawler hits you but does no damage.
You block the demonic crawler's attack.
GONNNNG!
You block the rust devil's attack.
SHROANNG!
The tarantella barely misses you.
Zawkeq conjures a glowing orb.
The wavering orb of destruction weakly hits you!
Ouch! That really hurt!
You die...

▓..)[)..▓
▓..|"!..▓
▓.......▓
▓.......▓
▓...s5..▓
.5544s.
▓.▓&4s▓.▓
▓4ss@...▓
▓▓▓▓▓▓▓▓▓


You could see Zawkeq, 2 demonic crawlers, an orange demon, a hellwing, a rust
devil, a blue devil, 2 tarantellas, a redback, a white imp, a shadow imp and an
ufetubus.

Vanquished Creatures
  A wolf spider (D)
  3 jumping spiders (D)
  2 tarantellas (D)
  A redback (D)
  2 yaks (D)
  A phantom (D)
  A scorpion (D)
  A wight (D)
  A crimson imp (D)
  A quasit (D)
  A sheep (D)
  A river rat (D)
  A shadow imp (D)
  A white imp (D)
  An ufetubus (D)
  An adder zombie (D)
  A bat skeleton (D)
  A giant cockroach zombie (D)
  3 jackals (D)
25 creatures vanquished.

Notes
Turn   | Place    | Note
--------------------------------------------------------------
     0 | D        | Ordine the Gargoyle Fighter began the quest for the Orb.
     0 | D        | Reached XP level 1. HP: 14/14 MP: 1/1
     1 | D        | Found an iron altar of Okawaru.
     1 | D        | Found a radiant altar of Vehumet.
     1 | D        | Found a burning altar of Makhleb.
     1 | D        | Found a shimmering altar of Xom.
     1 | D        | Found a deep blue altar of Sif Muna.
    59 | D        | Found a sparkling altar of Nemelex Xobeh.
    59 | D        | Found a white marble altar of Elyvilon.
    59 | D        | Found a bloodstained altar of Trog.
    59 | D        | Found a corrupted altar of Lugonu.
    59 | D        | Found a roughly hewn altar of Beogh.
    60 | D        | Found a viscous altar of Jiyva.
    68 | D        | Reached skill level 7 in Maces & Flails
    68 | D        | Reached XP level 2. HP: 19/19 MP: 2/2
   160 | D        | Became a worshipper of Cheibriados the Contemplative
   175 | D        | Entered arena 1.
   175 | D        | Noticed a scorpion
   175 | D        | Noticed a tarantella
   187 | D        | Killed a tarantella
   187 | D        | Reached skill level 11 in Maces & Flails
   187 | D        | Reached XP level 3. HP: 20/23 MP: 3/3
   187 | D        | Reached XP level 4. HP: 24/28 MP: 4/4
   187 | D        | Reached XP level 5. HP: 27/32 MP: 5/5
   189 | D        | Killed a scorpion
   189 | D        | Acquired Cheibriados's first power
   189 | D        | Reached skill level 12 in Maces & Flails
   206 | D        | Entered arena 2.
   208 | D        | Reached XP level 6. HP: 33/38 MP: 6/6
   212 | D        | Reached skill level 5 in Fighting
   236 | D        | Entered arena 3.
   236 | D        | Noticed a yak
   236 | D        | Noticed a yak
   244 | D        | Killed a yak
   246 | D        | Killed a yak
   246 | D        | Reached skill level 10 in Fighting
   246 | D        | Reached XP level 7. HP: 38/53 MP: 7/7
   251 | D        | Acquired Cheibriados's second power
   262 | D        | Entered arena 4.
   262 | D        | Noticed a crimson imp
   266 | D        | Acquired Cheibriados's third power
   268 | D        | Reached skill level 1 in Dodging
   272 | D        | Killed a crimson imp
   281 | D        | Identified Sif Muna's Volume of Displacement (You found it in the Dungeon)
   284 | D        | Entered arena 5.
   284 | D        | Noticed a wight
   284 | D        | Noticed a phantom
   285 | D        | Acquired Cheibriados's fourth power
   289 | D        | Killed a phantom
   289 | D        | Reached skill level 5 in Armour
   291 | D        | Killed a wight
   320 | D        | Entered arena 6.
   320 | D        | Noticed a jumping spider
   320 | D        | Noticed a jumping spider
   320 | D        | Noticed a tarantella
   320 | D        | Noticed a redback
   320 | D        | Noticed a wolf spider
   320 | D        | Noticed a jumping spider
   329 | D        | Killed a redback
   329 | D        | Reached XP level 8. HP: 6/59 MP: 8/8
   333 | D        | Killed a wolf spider
   333 | D        | Reached skill level 5 in Dodging
   338 | D        | Killed a tarantella
   343 | D        | Killed a jumping spider
   346 | D        | Killed a jumping spider
   346 | D        | Reached skill level 10 in Armour
   346 | D        | Reached XP level 9. HP: 25/63 MP: 9/9
   348 | D        | Killed a jumping spider
   401 | D        | Entered arena 7.
   401 | D        | Noticed a quasit
   401 | D        | Noticed an orange demon
   401 | D        | Noticed Zawkeq the pandemonium lord
   405 | D        | Noticed a sixfirhy
   405 | D        | Noticed an orange demon
   406 | D        | Noticed a demonic crawler
   409 | D        | Killed an orange demon
   419 | D        | Noticed a demonic crawler
   423 | D        | Killed a quasit
   430 | D        | Noticed a rust devil
   458 | D        | Noticed a hellwing
   461 | D        | Noticed an ice devil
   476 | D        | Blown up by Zawkeq the pandemonium lord

Vault maps used:
D:        sprint_v

Action                   |  1- 3 |  4- 6 |  7- 9 || total
-------------------------+-------+-------+-------++-------
Melee: Demon whip        |    12 |    18 |   107 ||   137
  Use: Potion            |     1 |       |    10 ||    11
